 Dungeon Crawl Stone Soup version 0.27.1-34-g3ba077fa99 (webtiles) character file.

Game seed: 3665723425769893874

3 cbfl8 the Sneak (level 1, -1/20 HPs)
             Began as a Minotaur Delver on Jan 20, 2022.
             Slain by Ijyb (3 damage)
             ... on level 5 of the Dungeon.
             The game lasted 00:00:19 (47 turns).

cbfl8 the Sneak (Minotaur Delver)                     Turns: 47, Time: 00:00:19

Health: -1/20      AC:  3    Str: 16    XL:     1   Next: 41%
Magic:  0/0        EV: 11    Int:  7    God:
Gold:   0          SH:  0    Dex: 11    Spells: 0/0 levels left

rFire    . . .     SeeInvis .   a - +0 hand axe
rCold    . . .     Faith    .   (no shield)
rNeg     . . .     Spirit   .   b - +0 leather armour
rPois    .         Reflect  .   (helmet restricted)
rElec    .         Harm     .   (no cloak)
rCorr    .         Rampage  .   (no gloves)
Will     .....                  (no boots)
Stlth    ++........             (no amulet)
HPRegen  0.06/turn              (no ring)
MPRegen  0.07/turn              (no ring)

@: no status effects
A: horns 2, retaliatory headbutt
a: no special abilities


You were on level 5 of the Dungeon.
You visited 2 branches of the dungeon, and saw 2 of its levels.

Inventory:

Hand Weapons
 a - a +0 hand axe (weapon)
Armour
 b - a +0 leather armour (worn)
 h - a +2 ring mail of cold resistance
Wands
 g - a wand of digging (3)
Scrolls
 c - a scroll of fog
 d - a scroll of magic mapping
 e - a scroll of fear
Potions
 f - a potion of haste


   Skills:
 + Level 3.6 Fighting
 + Level 2.4 Axes
 + Level 2.2 Dodging
 + Level 4.2 Stealth


You couldn't memorise any spells.
You didn't know any spells.
Your spell library was empty.

Dungeon Overview and Level Annotations

Branches:
Dungeon (5/15)             Temple (1/1) D:5

Altars:
Hepliaklqana

Annotations:
D:5 Ijyb


Innate Abilities, Weirdness & Mutations

You have a pair of horns on your head.
You reflexively headbutt those who attack you in melee.


Message History

Welcome, cbfl8 the Minotaur Delver.
Will you prevail where others failed? Will you find the Orb of Zot?
Press ? for a list of commands and other information.
Found a stone staircase leading down.
There is a stone staircase leading down here.
Found a staircase to the Ecumenical Temple.
Found a shiny ring mail.
An adder skeleton comes into view.
Found a book of Cantrips.
Found 8 gold pieces.
The adder skeleton misses you. You furiously retaliate!
You headbutt the adder skeleton!
There is a staircase to the Ecumenical Temple here.
The adder skeleton closely misses you. You furiously retaliate!
You headbutt the adder skeleton!
You destroy the adder skeleton!
You climb downwards.
Welcome to the Ecumenical Temple!
Found a hazy altar of Hepliaklqana.
There is a staircase back to the Dungeon here.
You climb upwards.
There is a staircase to the Ecumenical Temple here.
Ijyb the Twisted Goblin comes into view.
She is wielding a +1 dagger of flaming and carrying a wand of flame (13).
You see here a +2 ring mail of cold resistance.
h - a +2 ring mail of cold resistance Ijyb shouts!
Ijyb zaps a wand.
The puff of flame misses you.
Ijyb zaps a wand.
The puff of flame hits you!
Ouch! That really hurt!
Ijyb zaps a wand.
The puff of flame hits you!
* * * LOW HITPOINT WARNING * * *
There is a staircase to the Ecumenical Temple here.
Ijyb hits you but does no damage.
There is a staircase to the Ecumenical Temple here.
You can't go up here!
Ijyb hits you with a +1 dagger of flaming.
You die...

#####................#
#..##....#...##..#
###.....##.#.......#
#...##.......##.#..#
#......#..##....#..
#...##.#.....#.....#
#.........##.#.#g..#
#....#.##..g...# ..#
+....#....@.##.....#
#......##......##..#
#...##...:##.#....##
###....##.. .# ##.
.#.....#...
#.##..#.##. .. $... .
.. ##..#.# ## ## ....


You could see Ijyb.

Vanquished Creatures
  An adder skeleton (D:5)
1 creature vanquished.

Notes
Turn   | Place    | Note
-------+----------+-------------------------------------------
     0 | D:5      | cbfl8 the Minotaur Delver began the quest for the Orb.
     0 | D:5      | Reached XP level 1. HP: 19/19 MP: 0/0
    11 | D:5      | Found a staircase to the Ecumenical Temple.
    23 | Temple   | Entered the Ecumenical Temple
    33 | D:5      | Noticed Ijyb
    47 | D:5      | Slain by Ijyb

Illustrated notes

Levels and vault maps discovered:
D:5:      layout_basic, minmay_temple_entry_ruins, serial_park_tiny_pond,
          uniq_ijyb
Temple:   dshaligram_water_room_temple

Action                   || total
-------------------------++-------
Armor: Leather armour    ||     1
Dodge: Dodged            ||     3
